 Dungeon Crawl Stone Soup version 0.28-a0-1594-ga885d4b3d6 (webtiles) character file.

Game seed: 10042850112164277304

13001 grumblor the Cleaver (level 12, -4/64 HPs)
             Began as a Vine Stalker Fighter on Jan 21, 2022.
             Was an Elder of Sif Muna.
             Slain by a vampire mosquito (7 damage)
             ... on level 11 of the Dungeon.
             The game lasted 00:25:00 (11594 turns).

grumblor the Cleaver (Vine Stalker Fighter)        Turns: 11594, Time: 00:25:01

Health: -4/64      AC: 12    Str: 25    XL:     12   Next: 1%
Magic:  0/26       EV: 16    Int:  8    God:    Sif Muna [****..]
Gold:   880        SH:  5    Dex: 13    Spells: 11/11 levels left

rFire   . . .      SeeInvis .   a - +1 war axe (drain)
rCold   . . .      Faith    .   c - +0 buckler
rNeg    . . .      Spirit   +   g - +0 swamp dragon scales
rPois   +          Reflect  .   m - +0 helmet
rElec   .          Harm     .   t - +0 cloak
rCorr   .          Rampage  .   (no gloves)
Will    +....                   r - +0 pair of boots
Stlth   +.........              (no amulet)
HPRegen 1.00/turn               v - +4 ring of evasion
MPRegen 0.20/turn               u - ring of magical power

@: about to teleport, channelling, hasted, studying Evocations, very quick
A: fangs 3, regeneration 1, magic shield, antimagic bite, no potion heal 2
a: Renounce Religion, Channel Magic, Forget Spell, Divine Exegesis


You were on level 11 of the Dungeon.
You worshipped Sif Muna.
Sif Muna was greatly pleased with you.
You visited 2 branches of the dungeon, and saw 12 of its levels.
You also visited: Ossuary.

You collected 880 gold pieces.

Inventory:

Hand Weapons
 a - a +1 war axe of draining (weapon)
Missiles
 k - 11 curare-tipped darts
 l - 10 boomerangs
 q - 39 poisoned darts (quivered)
 y - 7 javelins
 D - 4 throwing nets
Armour
 c - a +0 buckler (worn)
 g - +0 swamp dragon scales (worn)
 m - a +0 helmet (worn)
 r - a +0 pair of boots (worn)
 t - a +0 cloak (worn)
Jewellery
 f - a ring of poison resistance
 p - the ring "Zaez" {rN+ Int-4 Dex+3 Slay+2 SInv}
   (You found it on level 9 of the Dungeon)

   [ring of see invisible]

   Int:       It affects your intelligence (-4).
   Dex:       It affects your dexterity (+3).
   Slay:      It affects your accuracy & damage with ranged weapons and melee
   (+2).
   rN:        It protects you from negative energy.
   SInv:      It lets you see invisible.
 u - a ring of magical power (right hand)
 v - a +4 ring of evasion (left hand)
Wands
 b - a wand of mindburst (11)
 w - a wand of polymorph (10)
 z - a wand of flame (16)
 E - a wand of iceblast (27)
Scrolls
 x - a scroll of teleportation
 G - a scroll of magic mapping
Potions
 d - 2 potions of might
 e - 4 potions of lignification
 h - 5 potions of cancellation
 i - 2 potions of mutation
 n - a potion of resistance
 o - a potion of magic
 s - 7 potions of curing
 A - 6 potions of heal wounds {unknown}
 B - 5 potions of flight {unknown}
 C - a potion of attraction {unknown}
 F - a potion of berserk rage {unknown}


   Skills:
 * Level 8.1 Fighting
 + Level 9.8 Axes
 - Level 4.0 Throwing
 + Level 5.8 Armour
 - Level 4.0 Dodging
 + Level 4.8 Shields
 * Level 6.3 Invocations
 * Level 6.6 Evocations


You had 11 spell levels left.
You didn't know any spells.
Your spell library contained the following spells:

 Spells                   Type           Power      Damage    Failure   Level
 Sandblast                Erth           0%         2d4       63%         1
 Slow                     Hex            0%         N/A       63%         1
 Passwall                 Tmut/Erth      0%         N/A       77%         2
 Confusing Touch          Hex            0%         N/A       94%         3
 Inner Flame              Hex/Fire       0%         N/A       94%         3
 Ozocubu's Armour         Ice            0%         N/A       94%         3
 Stone Arrow              Conj/Erth      0%         3d7       94%         3
 Vampiric Draining        Necr           0%         2d6       94%         3
 Cause Fear               Hex            0%         N/A       100%        4
 Passage of Golubria      Tloc           0%         N/A       100%        4
 Metabolic Englaciation   Hex/Ice        0%         N/A       100%        5
 Silence                  Hex/Air        0%         N/A       100%        5
 Dispersal                Tloc           0%         N/A       100%        6
 Simulacrum               Ice/Necr       0%         N/A       100%        6
 Discord                  Hex            0%         N/A       100%        8
 Disjunction              Tloc           0%         N/A       100%        8
 Lehudib's Crystal Spear  Conj/Erth      0%         10d2      100%        8


Dungeon Overview and Level Annotations

Branches:
Dungeon (11/15)            Temple (1/1) D:5            Lair (0/6) D:10
    Orc (0/2) D:9         Ossuary (visited)

Altars:
Ashenzari
Cheibriados
Dithmenos
Elyvilon
Fedhas
Gozag
Hepliaklqana
Kikubaaqudgha
Makhleb
Nemelex Xobeh
Okawaru
Qazlal
Ru
Sif Muna
Trog
Uskayaw
Vehumet
Wu Jian
Xom
Yredelemnul
Zin
The Shining One

Shops:
D:2 ?   D:3 =   D:4 :   D:8 :   D:9 [

Portals:
Gauntlet: D:11


Innate Abilities, Weirdness & Mutations

You have razor-sharp teeth.
Your natural rate of healing is unusually fast.
When hurt, damage is shared between your health and your magic reserves.
Your bite disrupts and absorbs the magic of your enemies.
Potions cannot restore your health.


Message History

The iceblast engulfs the vampire mosquito!!
The vampire mosquito is severely damaged.
A vampire mosquito comes into view.
The basilisk gazes at you. You resist with almost no effort.
You have reached level 12!
You feel stronger.
The meliai invokes the aid of its god against you.
Something smites you!
You barely miss the meliai.
The meliai is heavily wounded.
The meliai hits you with a +0 hand axe. The meliai stings you!
You are poisoned.
The meliai poisons you!
An orc comes into view. It is wielding a +0 short sword.
The meliai barely misses you. The meliai completely misses you.
* * * LOW HITPOINT WARNING * * *
You feel very sick.
The orc shouts!
You hear a howl!
The meliai hits you with a +0 hand axe!
* * * LOW HITPOINT WARNING * * *
The meliai stings you but does no damage.
Okay, then.
Your system rejects the healing.
You feel better. The meliai misses you. You block the meliai's attack.
The meliai hits you with a +0 hand axe. The meliai barely misses you.
The vampire mosquito barely misses you.
You feel yourself speed up. The meliai hits you with a +0 hand axe!
* * * LOW HITPOINT WARNING * * *
The meliai closely misses you.
The vampire mosquito bites you but does no damage.
The meliai closely misses you. The meliai misses you.
As you read the scroll of teleportation, it crumbles to dust.
You feel strangely unstable. The meliai closely misses you.
The meliai barely misses you.
The vampire mosquito closely misses you.
The vampire mosquito misses you. The meliai hits you with a +0 hand axe.
The meliai stings you.
* * * LOW HITPOINT WARNING * * *
The vampire mosquito bites you!
You die...

.. .. #.# ..# ..#
###o#####
##Vl......
########yy#.)∩...
#......y@## V.)..
#.######## ..l.
#..## ^..
######...### y.
...........# .
#######'##.#
#........#.#
#........#.#
#........#..


You could see a basilisk, a vampire, 2 vampire mosquitoes, a meliai and an orc.

Vanquished Creatures
  Harold (D:7)
  A two-headed ogre (D:8)
  2 kobold demonologists (D:9)
  2 trolls (D:9)
  2 meliai (D:11)
  A hornet (D:9)
  Grinder (D:4)
  Prince Ribbit (D:6)
  A meliai zombie (D:10)
  2 wraiths (D:10)
  9 wyverns
  Eustachio (D:6)
  12 yaks
  A steam dragon (D:5)
  Menkaure (D:4)
  An acid dragon (D:9)
  4 water moccasins
  Duvessa (D:4)
  10 orc warriors
  A sky beast (D:6)
  5 ogres
  A necrophage (D:6)
  3 wolves (D:9)
  A phantom (D:6)
  2 centaurs
  9 kobold brigands
  A bullfrog (D:7)
  4 scorpions (D:5)
  Dowan (D:4)
  5 killer bees (D:10)
  5 wights
  3 howler monkeys
  A bullfrog zombie (D:6)
  2 centaur zombies
  A crimson imp (D:5)
  3 orc priests
  5 hounds
  Crazy Yiuf (D:4)
  Natasha (thrice) (D:2)
  3 iguanas
  10 orc wizards
  A hound zombie (D:5)
  A hound skeleton (D:4)
  8 mummies (Ossuary)
  A howler monkey zombie (D:6)
  3 gnolls (D:9)
  6 adders
  A white imp (D:5)
  An ufetubus (D:7)
  2 worms
  3 dart slugs
  27 orcs
  8 ball pythons
  3 bats
  5 endoplasms
  A giant cockroach (D:1)
  A gnoll zombie (Ossuary)
  2 hobgoblins
  9 jackals
  7 quokkas
  5 frilled lizards
  2 goblins (D:3)
  2 hobgoblin zombies (Ossuary)
  30 kobolds
  2 kobold zombies (Ossuary)
  3 orc zombies (Ossuary)
  13 rats
271 creatures vanquished.

Vanquished Creatures (collateral kills)
  Maggie (D:6)
  A water moccasin zombie (D:6)
  A white imp (D:6)
3 creatures vanquished.

Vanquished Creatures (others)
  7 fungi
  10 plants
17 creatures vanquished.

Grand Total: 291 creatures vanquished

Notes
Turn   | Place    | Note
-------+----------+-------------------------------------------
     0 | D:1      | grumblor the Vine Stalker Fighter began the quest for the
                  | Orb.
     0 | D:1      | Reached XP level 1. HP: 11/11 MP: 2/2
   175 | D:1      | Reached XP level 2. HP: 16/16 MP: 3/3
   251 | D:1      | Reached skill level 2 in Axes
   596 | D:1      | Reached XP level 3. HP: 13/19 MP: 4/4
   918 | D:1      | Found a faded altar of an unknown god.
  1246 | D:2      | Noticed Natasha
  1254 | D:2      | Killed Natasha
  1255 | D:2      | Gained mutation: Your natural rate of healing is unusually
                  | fast. [Vine Stalker growth]
  1255 | D:2      | Reached XP level 4. HP: 14/23 MP: 2/5
  1279 | D:2      | Noticed Natasha
  1290 | D:2      | Killed Natasha
  1291 | D:2      | Reached skill level 1 in Dodging
  1346 | D:2      | Noticed an ogre
  1373 | D:2      | Killed an ogre
  1374 | D:2      | Reached skill level 3 in Axes
  1374 | D:2      | Reached skill level 1 in Throwing
  1374 | D:2      | Reached XP level 5. HP: 25/28 MP: 4/6
  1516 | D:2      | Noticed Natasha
  1522 | D:2      | Killed Natasha
  1721 | D:2      | Found a runed translucent door.
  1722 | D:2      | Noticed Crazy Yiuf
  1778 | D:2      | Found Ajomogh's Magic Scroll Shop.
  2352 | D:3      | Found an ornate altar of the Wu Jian Council.
  2428 | D:3      | Found Nuehusod's Jewellery Emporium.
  2761 | D:3      | Found a snail-covered altar of Cheibriados.
  2902 | D:3      | Reached XP level 6. HP: 32/32 MP: 7/7
  4016 | D:4      | Found Untojuk's Book Shoppe.
  4018 | D:4      | Noticed Menkaure
  4028 | D:4      | Killed Menkaure
  4037 | D:4      | Killed Crazy Yiuf
  4130 | D:4      | Reached XP level 7. HP: 29/37 MP: 8/8
  4156 | D:4      | Found a basalt altar of Yredelemnul.
  4159 | D:4      | Found an iron altar of Okawaru.
  4163 | D:4      | Found a glowing golden altar of the Shining One.
  4573 | D:4      | Noticed Dowan
  4573 | D:4      | Noticed Duvessa
  4587 | D:4      | Killed Duvessa
  4588 | D:4      | Reached skill level 4 in Axes
  4601 | D:4      | Killed Dowan
  4682 | D:4      | Noticed Grinder
  4693 | D:4      | Killed Grinder
  4810 | D:4      | Gained mutation: You have razor-sharp teeth. [Vine Stalker
                  | growth]
  4810 | D:4      | Reached XP level 8. HP: 42/42 MP: 9/9
  5256 | D:5      | Entered Level 5 of the Dungeon
  5448 | D:5      | Found a hazy altar of Hepliaklqana.
  5490 | D:5      | Found a staircase to the Ecumenical Temple.
  5516 | Temple   | Entered the Ecumenical Temple
  5697 | Temple   | Became a worshipper of Sif Muna the Loreminder
  5727 | D:5      | Found a sand-covered staircase.
  5736 | Ossuary  | Entered an ossuary
  5803 | Ossuary  | Reached skill level 5 in Axes
  6259 | D:5      | Reached * piety under Sif Muna
  6262 | D:5      | Reached skill level 1 in Invocations
  6288 | D:5      | Reached skill level 1 in Evocations
  6793 | D:6      | Reached XP level 9. HP: 46/46 MP: 11/11
  6847 | D:6      | Reached skill level 5 in Fighting
  6896 | D:6      | Noticed Prince Ribbit
  6911 | D:6      | Killed Prince Ribbit
  6912 | D:6      | Reached skill level 6 in Axes
  7029 | D:6      | Noticed Maggie
  7040 | D:6      | Killed Maggie
  7166 | D:6      | Noticed Eustachio
  7182 | D:6      | Killed Eustachio
  7277 | D:6      | Reached ** piety under Sif Muna
  7292 | D:6      | Reached skill level 7 in Axes
  7292 | D:6      | Reached XP level 10. HP: 39/53 MP: 13/13
  7775 | D:7      | Noticed Harold
  7790 | D:7      | Killed Harold
  8307 | D:8      | Reached skill level 8 in Axes
  8497 | D:8      | Reached *** piety under Sif Muna
  8500 | D:8      | Noticed a two-headed ogre
  8523 | D:8      | Killed a two-headed ogre
  8524 | D:8      | Reached skill level 5 in Armour
  8587 | D:8      | Identified a scroll of acquirement
  8587 | D:8      | Acquired a manual of Evocations
  9085 | D:8      | Found Tughico's Book Boutique.
  9587 | D:9      | Found a bloodstained altar of Trog.
  9619 | D:9      | Identified the ring "Zaez" {rN+ Int-4 Dex+3 Slay+2 SInv}
  9664 | D:9      | Found Jaxysoly's Armour Boutique.
  9717 | D:9      | Noticed a kobold demonologist
  9725 | D:9      | Noticed a kobold demonologist
  9735 | D:9      | Reached skill level 5 in Invocations
  9737 | D:9      | Noticed a smoke demon
  9737 | D:9      | Killed a kobold demonologist
  9738 | D:9      | Reached XP level 11. HP: 52/58 MP: 15/15
 10297 | D:9      | Reached skill level 5 in Evocations
 10354 | D:9      | Found a staircase to the Orcish Mines.
 10362 | D:9      | Reached skill level 9 in Axes
 10658 | D:10     | Entered Level 10 of the Dungeon
 10689 | D:10     | Found a staircase to the Lair.
 10871 | D:10     | Reached **** piety under Sif Muna
 11584 | D:11     | Found a gate leading to a gauntlet.
 11588 | D:11     | Reached XP level 12. HP: 39/64 MP: 14/17
 11592 | D:11     | HP: 3/64 [meliai (6)]
 11594 | D:11     | Slain by a vampire mosquito

Illustrated notes

Levels and vault maps discovered:
D:1:      wheals_arrival_shading, layout_rooms,
          shapermc_ecumenical_altar_hornbeckon, bh_walls_and_bars
D:2:      layout_loops_ring, serial_shops, shop, minmay_cupped, uniq_natasha,
          uniq_crazy_yiuf_cottage
D:3:      layout_basic, slow_altar_1, nzn_wu_jian_council_hall, serial_shops,
          nicolae_shop_waterfront
D:4:      layout_layer_cave, tso_oasis_becter,
          chequers_temple_overflow_statue_of_worship, serial_shops, shop,
          uniq_duvessa, uniq_menkaure, uniq_grinder
D:5:      kennysheep_spiral_hall, layout_loops_ring, nzn_hepliaklqana_mist_gate,
          minmay_temple_entry_wispy, enter_ossuary_3, hangedman_decor_points,
          hex_tiny, minmay_fire_ice_demons
D:6:      layout_loops_cross, lexackson_kobold_supper, uniq_maggie,
          uniq_prince_ribbit1, uniq_eustachio
D:7:      layout_cave_pools, serial_glass, glass_columns_a, glass_columns_b,
          minmay_strange_pillars, item_on_display_a, minmay_strange_pillars,
          feat_on_display, uniq_harold
D:8:      layout_layer_cave, serial_shops, shop
D:9:      layout_basic, mainiacjoe_overflow_tiny_flanked,
          kennysheep_orc_monster_closet_entryway, serial_shops,
          nicolae_shop_hallway_stairs, kennysheep_generic_room_15
D:10:     layout_cross, minmay_lair_entry_grove, lemuel_flamethrower_2
D:11:     layout_rooms, gauntlet_entry_generic, chequers_serial_rivers_micro_a,
          minivault_1, minivault_25, serial_park_tiny_pond
Temple:   regret_index_temple_generic_petals

Skill      XL: |  1  2  3  4  5  6  7  8  9 10 11 |
---------------+----------------------------------+-----
Axes           | 2 3 4 5 7 8 9 |  9.8
Fighting       | 3 4 5 6 8 |  8.1
Dodging        | 1 2 3 4 |  4.0
Throwing       | 1 2 3 4 |  4.0
Armour         | 3 4 5 |  5.8
Shields        | 3 4 |  4.8
Invocations    | 2 3 5 6 |  6.3
Evocations     | 1 3 4 6 |  6.6

Action                   |  1- 3 |  4- 6 |  7- 9 | 10-12 || total
-------------------------+-------+-------+-------+-------++-------
Melee: War axe           |    74 |    90 |   284 |   395 ||   843
       Bite              |    21 |    23 |    84 |   135 ||   263
Throw: Dart              |       |       |    12 |    29 ||    41
       Javelin           |       |       |     2 |    18 ||    20
Invok: Channel Magic     |       |       |       |     4 ||     4
Evoke: Wand              |       |     5 |       |     5 ||    10
  Use: Scroll            |     4 |     5 |     9 |     7 ||    25
       Potion            |       |       |     1 |     2 ||     3
Armor: Scale mail        |    39 |    11 |       |       ||    50
       Chain mail        |       |    38 |    99 |       ||   137
       Swamp dragon scal |       |       |    18 |   203 ||   221
Dodge: Dodged            |    36 |    26 |   196 |   455 ||   713
Block: Buckler           |    15 |    15 |    53 |   146 ||   229

Table legend: (Time is in decaauts)
 A = Elapsed time spent in this place.
 B = Non-inter-level travel time spent in this place.
 C = Inter-level travel time spent in this place.
 D = Time resting spent in this place.
 E = Time spent auto-exploring this place.
 F = Levels seen in this place.
 G = Mean time per level.
                   A        B        C        D        E       F      G
               +--------+--------+--------+--------+--------+-----+--------+
         Total |  11789 |  11127 |    662 |    746 |   8104 |  13 |  906.8 |
       Dungeon |  11345 |  10714 |    631 |    746 |   7804 |  11 | 1031.4 |
        Temple |    203 |    172 |     31 |      0 |    154 |   1 |  203.0 |
       Ossuary |    239 |    239 |      0 |      0 |    146 |   1 |  239.0 |
               +--------+--------+--------+--------+--------+-----+--------+

Top non-repeatable levels by time:
     D:3: 1710 daAuts
     D:8: 1358 daAuts
     D:1: 1281 daAuts
     D:4: 1272 daAuts
     D:9: 1219 daAuts
     D:2: 1083 daAuts
     D:5: 1068 daAuts
     D:6: 941 daAuts
    D:10: 769 daAuts
     D:7: 578 daAuts
 Ossuary: 239 daAuts
  Temple: 203 daAuts
    D:11: 63 daAuts
